 Dungeon Crawl Stone Soup version 0.31-a0-836-g3ceb0a68c4 (webtiles) character file.

Game seed: 18190864599055174430

19 PimpSugar the Magician (level 2, -1/22 HPs)
             Began as a Djinni Hedge Wizard on Sept 26, 2023.
             Was an Initiate of Ashenzari.
             Slain by an iguana (12 damage)
             ... on level 2 of the Dungeon.
             The game lasted 00:03:37 (1050 turns).

PimpSugar the Magician (Djinni Hedge Wizard)        Turns: 1050, Time: 00:03:38

Health: -1/22      AC:  3    Str:  9    XL:     2   Next: 95%
Gold:   54         EV: 12    Int: 15    God:    Ashenzari [......] SH:  0 Dex: 12

rFire   + + .        a - +0 dagger
rCold   x . .        (no shield)
rNeg    . . .        b - +0 robe
rPois   ∞            c - +0 hat
rElec   .            d - +0 cloak "Perceptive Suspicion" {Elem, Self} (curse)
rCorr   .            (no gloves)
SInv    .            (boots unavailable)
Will    .....        (no amulet)
Stlth   ++           (no ring)
HPRegen 0.23/turn    (no ring)
MPRegen 0.00/turn

%: infuse magic (-2 HP)
@: flying
A: sickness immunity, fire resistance 2, cold vulnerability 1, float, innate
caster, HP casting, extra vitality 1
a: Renounce Religion, Shatter the Chains


You were on level 2 of the Dungeon.
You worshipped Ashenzari.
Ashenzari was noncommittal.
You visited 1 branch of the dungeon, and saw 2 of its levels.

You collected 54 gold pieces.

Inventory:

Hand Weapons
 a - a +0 dagger (weapon)
Missiles
 f - 10 stones
 h - 3 poisoned darts
Armour
 b - a +0 robe (worn)
 c - a +0 hat (worn)
 d - the cursed +0 cloak "Perceptive Suspicion" (worn) {Elem, Self}
   (You found it on level 1 of the Dungeon)

   It has a curse which improves the following skills: Elements: Fire Magic, Ice
   Magic, Air Magic and Earth Magic.
   Introspection: Fighting and Spellcasting.


   Skills:
 + Level 0.6(0.9) Fighting
 * Level 2.7 Dodging
 + Level 1.8 Stealth
 * Level 3.0(3.4) Spellcasting
 * Level 3.0 Conjurations
 * Level 3.0 Hexes
   Level 0.0 Charms
 * Level 3.0 Summonings
 * Level 3.0 Necromancy
 * Level 3.0 Translocations
 * Level 3.0 Transmutations
 * Level 3.0(3.4) Fire Magic
 * Level 3.0(3.4) Ice Magic
 * Level 3.0(3.4) Air Magic
 * Level 3.0(3.4) Earth Magic
 * Level 3.0 Poison Magic


You knew the following spells:

 Your Spells              Type           Power      Damage    Failure   Level
a - Magic Dart            Conj           44%        1d5       5%          1
b - Call Imp              Summ           22%        N/A       9%          2
c - Mephitic Cloud        Conj/Pois/Air  12%        N/A       16%         3
d - Slow                  Hex            44%        N/A       5%          1
e - Blink                 Tloc           22%        N/A       9%          2
Your spell library was empty.

Dungeon Overview and Level Annotations

Branches:
Dungeon (2/15)

Altars:
Ashenzari


Innate Abilities, Weirdness & Mutations

You are immune to sickness and miasma.
You are immune to poison.
Your flesh is very heat resistant. (rF++)
You are vulnerable to cold. (rC-)
You float through the air rather than walking.
You learn spells naturally, not from books.
Your magical power is your life essence.
You have superior vitality. (+4 MHP)


Message History

The adder closely misses your cerulean imp.
The adder bites you.
Your cerulean imp hits the adder with a -3 spear.
Casting: Call Imp (safe; 9% risk of failure)
Confirm with . or Enter, or press ? or * to list all spells.
You blink.
A hobgoblin comes into view.
Found a stone staircase leading up.
You barely miss the adder.
The adder is heavily wounded.
The hobgoblin shouts!
The adder bites you.
Your cerulean imp barely misses the adder.
You hit the adder.
The adder is severely wounded.
The adder barely misses you. The adder misses your cerulean imp.
Your cerulean imp misses the adder.
The iguana misses your cerulean imp.
You barely miss the adder. Your punch misses the adder.
The adder is severely wounded.
The adder bites you. The adder bites your cerulean imp.
Your cerulean imp hits the adder but does no damage.
The adder closely misses you. The iguana bites your cerulean imp!
Your cerulean imp dies!
Your cerulean imp disappears in a puff of smoke!
You hit the adder but do no damage.
The adder is severely wounded.
The adder bites you.
It was a potion of cancellation.
You feel magically purged.
You feel ready to blink again. The adder bites you.
* * * LOW HITPOINT WARNING * * *
It was a potion of curing.
You feel better. The adder completely misses you. The adder bites you.
The hobgoblin closely misses you. The adder completely misses you.
You closely miss the adder.
The adder is severely wounded.
The adder misses you. The adder bites you but does no damage.
The adder bites you. The iguana bites you!
Ouch! That really hurt!
You die...

..<... #....# . .
#....## .. ..
#.....# ...
...#.....# ....
.........#.....
...$...g..........
#......@..# ....
####..lSS.# ....
..........# ...
..........# #.#####
....##....##.......
...................
...................
...................
.................


You could see an iguana, 2 adders and a hobgoblin.

Vanquished Creatures
  A dart slug (D:1)
  A bat (D:1)
  An endoplasm (D:1)
  A giant cockroach (D:1)
  A goblin (D:1)
  2 hobgoblins (D:1)
  2 quokkas (D:1)
  A ball python (D:1)
  A frilled lizard (D:1)
  4 kobolds (D:1)
  A rat (D:1)
16 creatures vanquished.

Notes
Turn   | Place    | Note
-------+----------+-------------------------------------------
     0 | D:1      | PimpSugar the Djinni Hedge Wizard began the quest for the
                  | Orb.
     0 | D:1      | PimpSugar set off with the following spells memorised:
                  | Magic Dart, Slow, Blink, Call Imp, Mephitic Cloud.
     0 | D:1      | Reached XP level 1. HP: 15/15 MP: 0/0
   338 | D:1      | Reached XP level 2. HP: 14/21 MP: 0/0
   619 | D:1      | Found a faded altar of an unknown god.
   637 | D:1      | Prayed at the altar of an unknown god.
   637 | D:1      | Became a worshipper of Ashenzari the Shackled
  1050 | D:2      | Slain by an iguana

Illustrated notes

Levels and vault maps discovered:
D:1:      minmay_arrival_plants_in_alcoves, layout_loops_ring,
          shapermc_ecumenical_altar_mp_highgroup, minmay_small_reverse_x
D:2:      layout_basic, kennysheep_doodads, minivault_26,
          uniq_crazy_yiuf_cottage

Skill      XL: |  1 |
---------------+----+-----
Spellcasting   | 3 |  3.0
Conjurations   | 3 |  3.0
Hexes          | 3 |  3.0
Summonings     | 3 |  3.0
Necromancy     | 3 |  3.0
Translocations | 3 |  3.0
Transmutations | 3 |  3.0
Fire Magic     | 3 |  3.0
Ice Magic      | 3 |  3.0
Air Magic      | 3 |  3.0
Earth Magic    | 3 |  3.0
Poison Magic   | 3 |  3.0
Fighting       | |  0.6
Dodging        | |  2.7
Stealth        | |  1.8

Action                     || total
---------------------------++-------
  Melee: Dagger            ||    62
   Cast: Magic Dart        ||     9
         Blink             ||     1
         Call Imp          ||     1
 Invoke: Curse Item        ||     1
    Use: Scroll            ||     2
         Potion            ||     2
   Stab: Sleeping          ||     3
 Armour: Robe              ||    36
  Dodge: Dodged            ||    38

Table legend: (Time is in decaauts)
 A = Elapsed time spent in this place.
 B = Non-inter-level travel time spent in this place.
 C = Inter-level travel time spent in this place.
 D = Time resting spent in this place.
 E = Time spent auto-exploring this place.
 F = Levels seen in this place.
 G = Mean time per level.
                   A        B        C        D        E       F      G
               +--------+--------+--------+--------+--------+-----+--------+
         Total |   1049 |    919 |    130 |     34 |    629 |   2 |  524.5 |
       Dungeon |   1049 |    919 |    130 |     34 |    629 |   2 |  524.5 |
               +--------+--------+--------+--------+--------+-----+--------+

Top non-repeatable levels by time:
     D:1: 1026 daAuts
     D:2: 23 daAuts
